 Dungeon Crawl Stone Soup version 0.28-a0-514-g0d7ab7f379 (webtiles) character file.

Game seed: 612635714286737739

2833 ryw the Covered (level 9, -5/78 HPs)
             Began as a Demigod Fighter on Sept 22, 2021.
             Slain by an orc (6 damage)
             ... on level 7 of the Dungeon.
             The game lasted 00:16:31 (9796 turns).

ryw the Covered (Demigod Fighter)                   Turns: 9796, Time: 00:16:32

Health: -5/78      AC: 10    Str: 31    XL:     9   Next: 22%
Magic:  11/11      EV: 11    Int: 10    God:
Gold:   309        SH:  0    Dex: 13    Spells: 8/8 levels left

rFire   . . .      SeeInvis +   q - +2 whip (flame)
rCold   . . .      Faith    .   (no shield)
rNeg    . . .      Spirit   .   b - +2 leather armour {rPois}
rPois   +          Reflect  .   l - +2 helmet
rElec   .          Harm     +   y - +0 cloak of Cocytus {Harm SInv}
rCorr   .          Rampage  .   (no gloves)
Will    .....                   (no boots)
Stlth   +.........              (no amulet)
HPRegen 0.23/turn               (no ring)
MPRegen 0.12/turn               (no ring)

@: no status effects
A: high mp 1, forlorn, strong 1, evolution 1
a: no special abilities


You were on level 7 of the Dungeon.
You visited 1 branch of the dungeon, and saw 7 of its levels.

You collected 309 gold pieces.

Inventory:

Hand Weapons
 a - a +0 long sword
 q - a +2 whip of flaming (weapon)
Missiles
 d - 7 javelins (quivered)
 C - 11 poisoned darts
Armour
 b - a +2 leather armour of poison resistance (worn)
 c - a +0 buckler
 i - the +3 warlock's mirror {reflect}
   (You acquired it on level 7 of the Dungeon)

   It can block and reflect piercing ranged attacks and magical attacks against
   the wielder's willpower.
 l - a +2 helmet (worn)
 y - the +0 cloak of Cocytus (worn) {Harm SInv}
   (You found it on level 5 of the Dungeon)

   SInv:      It lets you see invisible.
   Harm:      It increases damage dealt and taken.
Wands
 x - a wand of iceblast (3)
 z - a wand of acid (15)
 B - a wand of polymorph (7)
Scrolls
 f - 9 scrolls of identify {unknown}
 g - a scroll of enchant weapon
 h - 3 scrolls of amnesia {unknown}
 r - 3 scrolls of teleportation {unknown}
Potions
 e - 2 potions of degeneration
 j - a potion of flight
 k - a potion of brilliance {unknown}
 m - a potion of berserk rage {unknown}
 u - 2 potions of curing
 v - a potion of heal wounds {unknown}
 w - a potion of invisibility
 D - a potion of haste
 E - 2 potions of lignification


   Skills:
 + Level 6.6 Fighting
 + Level 6.2 Long Blades
 + Level 5.1 Throwing
 + Level 6.8 Armour
 - Level 1.2 Dodging
 - Level 3.0 Shields


You had 8 spell levels left.
You didn't know any spells.
Your spell library contained the following spells:

 Spells                   Type           Power      Damage    Failure   Level
 Ignite Poison            Fire/Tmut/Pois 0%         N/A       77%         3
 Mephitic Cloud           Conj/Pois/Air  0%         N/A       77%         3
 Freezing Cloud           Conj/Ice/Air   0%         6-21      100%        5


Dungeon Overview and Level Annotations

Branches:
Dungeon (7/15)             Temple (0/1) D:6

Shops:
D:2 [   D:3 =

Annotations:
D:4 Menkaure


Innate Abilities, Weirdness & Mutations

Your attributes grow dramatically as you level up.
You have an increased reservoir of magic. (+10% MP)
You shall have no god before yourself.
Your muscles are strong. (Str +2)
You have hidden genetic potential.


Message History

The orc warrior hits you with a +0 dire flail.
You barely miss the orc warrior.
The orc warrior is moderately wounded.
The orc warrior hits you with a +0 dire flail.
You hit the orc warrior but do no damage.
The orc warrior is moderately wounded.
The orc warrior hits you with a +0 dire flail!
An orc comes into view. It is wielding a +0 whip.
The orc shouts!
You hit the orc warrior. You burn the orc warrior.
The orc warrior is heavily wounded.
The orc warrior hits you with a +0 dire flail! x2
* * * LOW HITPOINT WARNING * * *
Unknown command.
The orc throws a boomerang.
The boomerang misses you.
Okay, then.
Unknown command.
As you read the scroll labelled KATRUT QASAF, it crumbles to dust.
The creatures around you are filled with an inner flame!
It was a scroll of immolation.
The orc throws a boomerang.
The boomerang hits you.
* * * LOW HITPOINT WARNING * * *
As you read the scroll labelled SUCOCI SEDOZ, it crumbles to dust.
You feel aware of your surroundings.
It was a scroll of magic mapping.
The orc throws a boomerang.
The boomerang hits you but does no damage.
The orc warrior hits you but does no damage.
As you read the scroll labelled HINTIYDEPP, it crumbles to dust.
The scroll dissolves into smoke.
It was a scroll of fog.
The orc warrior hits you with a +0 dire flail.
* * * LOW HITPOINT WARNING * * *
The orc hits you but does no damage.
Okay, then.
It was a potion of mutation.
You feel extremely strange.
You feel a hidden potential growing inside you.
You feel stronger.
The orc wizard gestures at you while chanting.
You easily resist.
The orc hits you from afar with a +0 trident.
You die...

######.#..##.# #..........# *
.......#...#.# #..........## *
.......#.#.#.# #...........# *
[......#.#.#.# #...........# *
.........#...# #...........# *
.........##..# #...........# *
....<.._.##..# #§§§§.......######
##.#........>###§o§§.o...........
#,#..........o§@o§§..###########
*,#.#.#.##############
*,#.#.#.#*******
**,#.#.#..,,,,,,*
,,,#.#.#...,,,,,* ****###
,**#.#......,,,,* *,,.... ,*
#.#.......,,,* *,,.... ,*
*,,,≈,,,,,,,,* *,,.... **
***,≈,,,,,,,,* *,,....


You could see an orc warrior (inner flame), an orc wizard (inner flame,
invisible) and an orc (inner flame).

Vanquished Creatures
  Pikel (D:3)
  Sigmund (D:2)
  A wyvern (D:4)
  Eustachio (D:6)
  Edmund (D:6)
  An ice beast (D:6)
  3 ogres (D:6)
  3 necrophages
  2 phantoms (D:5)
  3 scorpions
  A water moccasin skeleton (D:6)
  2 howler monkeys
  A centaur zombie (D:5)
  A bullfrog zombie (D:6)
  A jelly (D:5)
  6 hounds
  Crazy Yiuf (D:6)
  A centaur skeleton (D:4)
  2 orc priests
  4 iguanas
  3 orc wizards
  A hound zombie (D:5)
  A howler monkey zombie (D:6)
  Robin (D:2)
  7 adders
  A worm (D:3)
  6 dart slugs
  12 orcs
  9 ball pythons
  5 endoplasms
  8 giant cockroaches
  15 goblins
  8 hobgoblins
  2 jackals (D:3)
  9 kobolds
  2 quokkas
  4 bats
  4 frilled lizards
  4 rats
139 creatures vanquished.

Notes
Turn   | Place    | Note
-------+----------+-------------------------------------------
     0 | D:1      | ryw the Demigod Fighter began the quest for the Orb.
     0 | D:1      | Reached XP level 1. HP: 18/18 MP: 3/3
   248 | D:1      | Reached XP level 2. HP: 15/25 MP: 4/4
  1124 | D:2      | Noticed Sigmund
  1125 | D:2      | Noticed Robin
  1376 | D:2      | Found Luudoj's Armour Shoppe.
  1472 | D:2      | Reached XP level 3. HP: 24/31 MP: 5/5
  2411 | D:2      | Killed Robin
  2412 | D:2      | Reached skill level 1 in Dodging
  2719 | D:2      | Reached XP level 4. HP: 35/38 MP: 6/6
  3644 | D:3      | Found Arpheffe's Jewellery Shoppe.
  3746 | D:4      | Noticed a wyvern
  3759 | D:4      | Killed a wyvern
  3760 | D:4      | Reached XP level 5. HP: 5/46 MP: 7/7
  4174 | D:4      | Noticed Pikel
  4224 | D:3      | Killed Pikel
  4225 | D:3      | Reached XP level 6. HP: 17/53 MP: 8/8
  4225 | D:3      | Reached XP level 7. HP: 20/60 MP: 9/9
  4450 | D:4      | Noticed Menkaure
  4570 | D:2      | Killed Sigmund
  4571 | D:2      | Reached skill level 5 in Armour
  5189 | D:4      | Reached skill level 5 in Fighting
  5370 | D:5      | Entered Level 5 of the Dungeon
  5372 | D:5      | Identified the +0 cloak of Cocytus {Harm SInv}
  5799 | D:4      | Reached XP level 8. HP: 61/67 MP: 10/10
  6029 | D:5      | Reached skill level 5 in Long Blades
  7038 | D:6      | Found a staircase to the Ecumenical Temple.
  7373 | D:6      | Noticed Edmund
  7453 | D:6      | Killed Edmund
  8035 | D:6      | Noticed Eustachio
  8093 | D:6      | Killed Eustachio
  8094 | D:6      | Reached XP level 9. HP: 27/77 MP: 11/11
  8459 | D:6      | Found a runed translucent door.
  8534 | D:6      | Noticed Crazy Yiuf
  8894 | D:6      | Reached skill level 5 in Throwing
  9290 | D:6      | Killed Crazy Yiuf
  9516 | D:7      | Identified a scroll of acquirement
  9516 | D:7      | Acquired the +3 warlock's mirror {reflect}
  9516 | D:7      | Found the +3 warlock's mirror {reflect}
  9794 | D:7      | HP: 1/78 [orc warrior (7)]
  9796 | D:7      | Gained mutation: You have hidden genetic potential. [potion
                  | of mutation]
  9796 | D:7      | Gained mutation: Your muscles are strong. (Str +2) [potion
                  | of mutation]
  9796 | D:7      | Slain by an orc

Illustrated notes

Levels and vault maps discovered:
D:1:      erik_arrival_cave_to_civilisation [erik_arrival_cave_to_hall],
          layout_basic, chequers_serial_rivers_micro_a, minivault_23
D:2:      layout_loops_cross, serial_shops, shop, serial_bayou_pond_c,
          minmay_pentomino_r4, uniq_sigmund, uniq_robin
D:3:      layout_rooms, doesnt_xom_only_xom, marbit_many_paths, serial_shops,
          shop, st_stairs_10, minivault_11
D:4:      layout_loops_ring, kennysheep_mini, uniq_pikel, uniq_menkaure
D:5:      layout_rooms, minitemple, kennysheep_generic_room_12
D:6:      layout_basic, temple_pool_b, uniq_eustachio, uniq_crazy_yiuf_cottage,
          uniq_edmund
D:7:      layout_basic, mainiacjoe_overflow_boulevard

Skill      XL: |  1  2  3  4  5  6  7  8  9 |
---------------+----------------------------+-----
Long Blades    | 2 3 4 5 6 |  6.2
Fighting       | 3 4 5 6 |  6.6
Armour         | 3 4 5 6 |  6.8
Shields        | 3 |  3.0
Dodging        | 1 |  1.2
Throwing       | 2 3 4 5 |  5.1

Action                   |  1- 3 |  4- 6 |  7- 9 || total
-------------------------+-------+-------+-------++-------
Melee: Long sword        |   132 |    22 |       ||   154
       Short sword       |       |   102 |       ||   102
       Whip              |       |       |   414 ||   414
Throw: Javelin           |       |       |     3 ||     3
Evoke: Wand              |       |       |     1 ||     1
  Use: Potion            |       |     2 |     7 ||     9
       Scroll            |       |       |     7 ||     7
 Stab: Invisible         |       |       |     1 ||     1
Armor: Scale mail        |    61 |    42 |   133 ||   236
       Chain mail        |       |       |    42 ||    42
       Skin              |       |       |    17 ||    17
       Leather armour    |       |       |    18 ||    18
Dodge: Dodged            |    72 |    57 |   192 ||   321
Block: Buckler           |    36 |    25 |    87 ||   148

Table legend: (Time is in decaauts)
 A = Elapsed time spent in this place.
 B = Non-inter-level travel time spent in this place.
 C = Inter-level travel time spent in this place.
 D = Time resting spent in this place.
 E = Time spent auto-exploring this place.
 F = Levels seen in this place.
 G = Mean time per level.
                   A        B        C        D        E       F      G
               +--------+--------+--------+--------+--------+-----+--------+
         Total |   9918 |   9242 |    676 |   3181 |   4302 |   7 | 1416.9 |
       Dungeon |   9918 |   9242 |    676 |   3181 |   4302 |   7 | 1416.9 |
               +--------+--------+--------+--------+--------+-----+--------+

Top non-repeatable levels by time:
     D:6: 2874 daAuts
     D:1: 1631 daAuts
     D:3: 1594 daAuts
     D:4: 1456 daAuts
     D:2: 1454 daAuts
     D:5: 774 daAuts
     D:7: 132 daAuts
